 Dungeon Crawl Stone Soup version 0.31-a0-1620-gcbf77bbcfc (webtiles) character file.

Game seed: 18042400326024917675

9191 Essalna the Destroyer (level 11, 0/56 HPs)
             Began as a Gargoyle Fire Elementalist on Jan 9, 2024.
             Was a Priest of Vehumet.
             Slain by a polar bear (21 damage)
             ... on level 1 of the Lair of Beasts on Jan 11, 2024.
             The game lasted 00:21:18 (12932 turns).

Essalna the Destroyer (Gargoyle Fire Elementalist) Turns: 12932, Time: 00:21:19

Health: 0/56       AC: 18    Str: 12    XL:     11   Next: 42%
Magic:  2/24       EV: 12    Int: 20    God:    Vehumet [***...]
Gold:   648        SH:  0    Dex: 10    Spells: 19/29 levels left

rFire   + . .        d - +2 whip (freeze)
rCold   + . .        (no shield)
rNeg    + . .        C - +1 robe {rC+ rF+}
rPois   ∞            D - +2 hat
rElec   +            v - +0 cloak
rCorr   .            E - +0 pair of gloves
SInv    .            z - +2 pair of boots
Will    ++...        (no amulet)
Stlth   ++           e - ring of willpower
HPRegen 0.29/turn    j - ring of willpower
MPRegen 0.19/turn

%: no passive effects
@: no status effects
A: sickness immunity, AC +8, negative energy resistance 1, electricity
resistance, torment resistance 1, petrification resistance
a: Renounce Religion


You were on level 1 of the Lair of Beasts.
You worshipped Vehumet.
Vehumet was most pleased with you.
You visited 2 branches of the dungeon, and saw 11 of its levels.
You also visited: Sewer.

You collected 648 gold pieces.

Inventory:

Hand Weapons
 d - a +2 whip of freezing (weapon)
 H - a +2 hand axe of electrocution
 P - a +0 dagger of venom
Armour
 a - a +0 robe
 g - a +1 leather armour of cold resistance
 v - a +0 cloak (worn)
 z - a +2 pair of boots (worn)
 C - a +1 robe of resistance (worn)
 D - a +2 hat (worn)
 E - a +0 pair of gloves (worn)
Magical Staves
 m - a staff of cold
Jewellery
 e - a ring of willpower (left hand)
 h - a ring of resist corrosion
 j - a ring of willpower (right hand)
 n - a ring of positive energy
 K - the ring of Ascent {Ice rCorr Slay+5 SInv Stlth-}
   (You found it on level 8 of the Dungeon)

   [ring of ice]

   Ice:       It enhances your ice magic.
   Slay+5:    It affects your accuracy & damage with ranged weapons and melee
   (+5).
   rF-:       It makes you vulnerable to fire.
   rC+:       It protects you from cold.
   SInv:      It lets you see invisible.
   rCorr:     It protects you from acid and corrosion.
   Stlth-:    It makes you less stealthy.
Wands
 t - a wand of flame (9)
 x - a wand of polymorph (10)
 y - a wand of digging (8)
 A - a wand of quicksilver (10)
Scrolls
 c - a scroll of noise
 l - a scroll of butterflies
 o - 4 scrolls of fog {unknown}
 q - a scroll of blinking {unknown}
 r - 5 scrolls of teleportation {unknown}
 s - 4 scrolls of poison {unknown}
 B - 2 scrolls of vulnerability {unknown}
 F - a scroll of silence {unknown}
 G - a scroll of revelation {unknown}
 I - 2 scrolls of immolation {unknown}
 J - 2 scrolls of enchant weapon
 M - a scroll of brand weapon {unknown}
 Q - a scroll of identify
Potions
 b - 2 potions of magic
 f - 5 potions of might
 i - a potion of invisibility
 k - 3 potions of curing
 p - 3 potions of mutation
 u - 2 potions of haste
 w - a potion of degeneration {unknown}
 L - 2 potions of brilliance {unknown}
 N - 2 potions of heal wounds {unknown}
 O - a potion of attraction {unknown}


   Skills:
 + Level 1.2 Fighting
 + Level 1.2 Armour
 + Level 1.9 Dodging
 - Level 2.1 Stealth
 + Level 9.6 Spellcasting
 + Level 11.0 Conjurations
 + Level 10.5 Fire Magic


You had 19 spell levels left.
You knew the following spells:

 Your Spells              Type           Power      Damage    Failure   Level
a - Foxfire               Conj/Fire      100%       2x1d9     1%          1
b - Scorch                Fire           100%       2d9       1%          2
c - Flame Wave            Conj/Fire      51%        2d13      1%          4
d - Stone Arrow           Conj/Erth      62%        3d10      1%          3

Your spell library contained the following spells:

 Spells                   Type           Power      Damage    Failure   Level
 Inner Flame              Hex/Fire       30%        N/A       1%          3
 Volatile Blastmotes      Fire/Tloc      60%        2d15      1%          3
 Irradiate                Conj/Alch      15%        3d16      6%          5
 Summon Small Mammal      Summ           36%        N/A       8%          1
 Summon Blazeheart Golem  Fire/Summ      30%        N/A       9%          4
 Call Canine Familiar     Summ           9%         N/A       22%         3
 Sigil of Binding         Hex            9%         N/A       22%         3
 Anguish                  Hex/Necr       4%         N/A       58%         4
 Cause Fear               Hex            4%         N/A       58%         4
 Dimensional Bullseye     Hex/Tloc       4%         N/A       58%         4
 Manifold Assault         Tloc           9%         N/A       58%         4
 Petrify                  Alch/Erth      9%         N/A       58%         4
 Dispersal                Tloc           4%         N/A       100%        6
 Enfeeble                 Hex            4%         N/A       100%        7
 Disjunction              Tloc           4%         N/A       100%        8
 Sublimation of Blood     Necr           Unusable   N/A       N/A         2

Dungeon Overview and Level Annotations

Branches:
Dungeon (10/15)            Temple (0/1) D:6            Lair (1/5) D:8
    Orc (0/2) D:9           Sewer (visited)

Altars:
Ashenzari
Fedhas
Gozag
Nemelex Xobeh
Ru
Uskayaw
Vehumet
Yredelemnul
Zin


Innate Abilities, Weirdness & Mutations

You are immune to sickness and miasma.
Your stone body is resilient. (AC +8)
You are immune to poison.
You resist negative energy. (rN+)
You are resistant to electric shocks. (rElec)
You are resistant to unholy torment.
You are immune to petrification.


Message History

Flames lash the polar bear.
The polar bear is burned terribly!
The polar bear is moderately wounded.
Casting: Scorch (safe; 1% risk of failure)
Confirm with . or Enter, or press ? or * to list all spells.
Flames lash the polar bear.
The polar bear is burned terribly!
The polar bear is heavily wounded.
The polar bear bites you but does no damage.
The polar bear claws you but does no damage.
The polar bear closely misses you.
Casting: Scorch (safe; 1% risk of failure)
Confirm with . or Enter, or press ? or * to list all spells.
Flames lash the polar bear.
The polar bear is heavily wounded.
The polar bear barely misses you. The polar bear misses you.
The polar bear claws you but does no damage.
Casting: Scorch (safe; 1% risk of failure)
Confirm with . or Enter, or press ? or * to list all spells.
Flames lash the polar bear.
The polar bear is burned terribly!
The polar bear is severely wounded.
The polar bear bites you. The polar bear misses you. The polar bear claws you.
Casting: Scorch (safe; 1% risk of failure)
Confirm with . or Enter, or press ? or * to list all spells.
You don't have enough magic to cast this spell.
You barely miss the polar bear.
The polar bear is severely wounded.
The polar bear goes berserk!
You hit the polar bear but do no damage.
The polar bear is severely wounded.
The polar bear bites you!! The polar bear barely misses you.
The polar bear claws you.
You barely miss the polar bear.
The polar bear is severely wounded.
The polar bear bites you but does no damage.
The polar bear claws you but does no damage.
The polar bear misses you. The polar bear closely misses you.
The polar bear claws you but does no damage. x2
You closely miss the polar bear.
The polar bear is severely wounded.
The polar bear bites you!!
You die...

##########P###
###.............
#...............
##...............
##.#....##.##..###
##....########..###
##.§..## ####
#..##P ###..#..#
#....#.....
#P...@###
...........
#.....h.#
....)....#.
#...#.#...#
...####.#.#
#......#.... .#
####. . ..# # .....
######## ...#
....## ##.......
..# ...## #........
.# ..## #....#...
##.######


You could see a polar bear (berserk, combustible).

Vanquished Creatures
  Erica (Lair:1)
  3 two-headed ogres
  Sonja (D:10)
  A cyclops (D:10)
  An elephant (D:8)
  A troll (D:5)
  3 hornets
  A wraith (D:10)
  A wyvern (D:8)
  3 steam dragons
  2 basilisks (D:8)
  Edmund (D:7)
  2 water moccasins
  Duvessa (D:6)
  2 orc warriors
  A crocodile (Sewer)
  2 sky beasts
  A black bear (D:6)
  5 centaurs
  A phantom (D:4)
  2 kobold brigands
  5 bullfrogs
  A brain worm (Sewer)
  2 scorpions (D:5)
  9 wights
  Dowan (D:6)
  2 bombardier beetles
  Crazy Yiuf (D:3)
  3 hounds
  5 jellies
  4 orc priests
  An iguana (D:4)
  Terence (D:2)
  Natasha (D:4)
  17 orc wizards
  10 adders
  3 gnolls (D:2)
  3 river rats (Sewer)
  A shadow imp (D:6)
  A white imp (D:5)
  2 ufetubi (D:6)
  A dart slug (D:1)
  2 ribbon worms
  38 orcs
  10 ball pythons
  4 endoplasms
  3 giant cockroaches
  6 goblins
  5 hobgoblins
  7 jackals
  2 quokkas
  10 bats
  12 frilled lizards
  13 kobolds
  7 rats
229 creatures vanquished.

Vanquished Creatures (collateral kills)
  22 foxfires
22 creatures vanquished.

Vanquished Creatures (others)
  913 foxfires
913 creatures vanquished.

Grand Total: 1164 creatures vanquished

Notes
Turn   | Place    | Note
-------+----------+-------------------------------------------
     0 | D:1      | Essalna the Gargoyle Fire Elementalist began the quest for
                  | the Orb.
     0 | D:1      | Reached XP level 1. HP: 10/10 MP: 3/3
   236 | D:1      | Reached XP level 2. HP: 15/15 MP: 0/5
   841 | D:1      | Reached XP level 3. HP: 19/19 MP: 6/6
   958 | D:1      | Reached skill level 2 in Conjurations
  1140 | D:1      | Learned a level 2 spell: Scorch
  1949 | D:2      | Reached XP level 4. HP: 24/24 MP: 4/8
  2793 | D:3      | Noticed Terence
  2803 | D:2      | Killed Terence
  2804 | D:2      | Reached XP level 5. HP: 21/28 MP: 3/9
  2901 | D:3      | Reached skill level 3 in Conjurations
  3014 | D:3      | Found a glowing drain.
  3033 | Sewer    | Entered a sewer
  3235 | Sewer    | Reached XP level 6. HP: 32/32 MP: 3/11
  3528 | Sewer    | Reached skill level 4 in Conjurations
  3726 | Sewer    | Reached skill level 5 in Fire Magic
  3726 | Sewer    | Reached XP level 7. HP: 36/36 MP: 5/13
  4213 | D:3      | Found a radiant altar of Vehumet.
  4228 | D:3      | Became a worshipper of Vehumet
  4481 | D:3      | Found a runed translucent door.
  4482 | D:3      | Noticed Crazy Yiuf
  4487 | D:3      | Killed Crazy Yiuf
  4634 | D:4      | Learned a level 4 spell: Flame Wave
  4711 | D:4      | Reached skill level 5 in Conjurations
  4894 | D:4      | Noticed Natasha
  4899 | D:4      | Killed Natasha
  6109 | D:5      | Entered Level 5 of the Dungeon
  6138 | D:5      | Noticed a troll
  6147 | D:5      | Killed a troll
  6148 | D:5      | Reached skill level 5 in Spellcasting
  6148 | D:5      | Reached XP level 8. HP: 39/41 MP: 3/15
  6751 | D:5      | Reached skill level 6 in Conjurations
  7313 | D:6      | Found a staircase to the Ecumenical Temple.
  7332 | D:6      | Noticed Edmund
  7475 | D:6      | Found a sparkling altar of Nemelex Xobeh.
  7544 | D:6      | Reached * piety under Vehumet
  7544 | D:6      | Offered knowledge of Magic Dart by Vehumet.
  7682 | D:6      | Reached XP level 9. HP: 33/45 MP: 7/18
  7961 | D:6      | Noticed Duvessa
  7963 | D:6      | Noticed Dowan
  7971 | D:7      | Killed Edmund
  7972 | D:7      | Reached skill level 7 in Conjurations
  8239 | D:7      | Found a hide-covered altar of Uskayaw.
  8382 | D:6      | Found a basalt altar of Yredelemnul.
  9192 | D:6      | Killed Dowan
  9203 | D:6      | Killed Duvessa
  9349 | D:8      | Noticed an elephant
  9353 | D:8      | Reached skill level 8 in Conjurations
  9464 | D:8      | Found a staircase to the Lair.
  9542 | D:8      | Found an opulent altar of Gozag.
  9634 | D:8      | Found a glowing silver altar of Zin.
  9679 | D:8      | Found a sacrificial altar of Ru.
  9685 | D:8      | Identified the ring of Ascent {Ice rCorr Slay+5 SInv
                  | Stlth-}
  9947 | D:8      | Killed an elephant
  9948 | D:8      | Reached XP level 10. HP: 28/50 MP: 1/21
 10038 | D:8      | Reached skill level 9 in Conjurations
 10251 | D:8      | Offered knowledge of Shock by Vehumet.
 10324 | D:8      | Found a blossoming altar of Fedhas.
 10329 | D:8      | Reached ** piety under Vehumet
 10711 | D:9      | Noticed a two-headed ogre
 10721 | D:9      | Killed a two-headed ogre
 11041 | D:9      | Found a staircase to the Orcish Mines.
 11170 | D:9      | Found a broken altar of Ashenzari.
 11174 | D:9      | Offered knowledge of Stone Arrow by Vehumet.
 11385 | D:9      | Noticed a two-headed ogre
 11390 | D:9      | Killed a two-headed ogre
 11391 | D:9      | Reached skill level 10 in Conjurations
 11506 | D:10     | Entered Level 10 of the Dungeon
 11515 | D:10     | Noticed a cyclops
 11519 | D:10     | Reached *** piety under Vehumet
 11598 | D:10     | Killed a cyclops
 11599 | D:10     | Reached skill level 10 in Fire Magic
 11599 | D:10     | Reached XP level 11. HP: 27/54 MP: 14/24
 11824 | D:10     | Upgraded the game from 0.31-a0-1612-g4aaf141004 to
                  | 0.31-a0-1620-gcbf77bbcfc
 11977 | D:10     | Learned a level 3 spell: Stone Arrow
 12067 | D:10     | Noticed Sonja
 12076 | D:10     | Killed Sonja
 12292 | D:10     | Noticed a two-headed ogre
 12309 | D:10     | Killed a two-headed ogre
 12773 | Lair:1   | Entered Level 1 of the Lair of Beasts
 12912 | Lair:1   | Noticed Erica
 12923 | Lair:1   | Killed Erica
 12924 | Lair:1   | Reached skill level 1 in Fighting
 12924 | Lair:1   | Reached skill level 1 in Armour
 12924 | Lair:1   | Reached skill level 11 in Conjurations
 12932 | Lair:1   | Slain by a polar bear

Illustrated notes

Levels and vault maps discovered:
D:1:      dpeg_arrival_round_b, layout_loops_ring
D:2:      layout_loops_corners
D:3:      layout_rooms, vehumet_altar_wand_db, cheibrodos_sewer_entry_bend,
          uniq_crazy_yiuf_cottage, uniq_terence
D:4:      layout_layer_cave, uniq_natasha
D:5:      layout_loops_corners
D:6:      layout_basic, mainiacjoe_overflow_cross_hatched, lemuel_round_altar,
          minmay_temple_entry_crystal_x, uniq_duvessa, uniq_edmund
D:7:      layout_basic, lemuel_doored_altar
D:8:      layout_loops_cross, amcnicky_altar_gilded, fedhas_altar_fruit_tree,
          mainiacjoe_overflow_catch_the_wave, david_lair_generic,
          dreamdust_wishing_well, serial_library_hellmonk_small_alcove
D:9:      layout_roguey, mainiacjoe_overflow_alcove_4, hiddenorc1_lemuel,
          minmay_misc_feat_secret_circle
D:10:     layout_basic, uniq_sonja
Lair:1:   dreamdust_cave_troll, layout_concentric_octagons, uniq_erica

Skill      XL: |  1  2  3  4  5  6  7  8  9 10 11 |
---------------+----------------------------------+-----
Conjurations   | 2 3 4 5 6 8 10 11 | 11.0
Spellcasting   | 3 4 5 6 7 9 |  9.6
Fire Magic     | 4 5 6 7 8 10 | 10.5
Fighting       | 1 |  1.2
Armour         | 1 |  1.2
Dodging        | |  1.9
Stealth        | |  2.1

Action                     |  1- 3 |  4- 6 |  7- 9 | 10-12 || total
---------------------------+-------+-------+-------+-------++-------
  Melee: Unarmed           |     3 |       |       |       ||     3
         Whip              |    67 |    20 |    40 |    14 ||   141
         Punch             |     1 |       |     3 |       ||     4
   Cast: Foxfire           |    83 |    86 |   234 |   150 ||   553
         Scorch            |       |    13 |    38 |    38 ||    89
         Flame Wave        |       |       |     2 |     6 ||     8
    Use: Potion            |       |     1 |       |       ||     1
         Scroll            |       |     4 |       |     5 ||     9
 Armour: Robe              |    62 |    22 |    76 |    51 ||   211
  Dodge: Dodged            |    80 |    14 |    48 |    36 ||   178

Table legend: (Time is in decaauts)
 A = Elapsed time spent in this place.
 B = Non-inter-level travel time spent in this place.
 C = Inter-level travel time spent in this place.
 D = Time resting spent in this place.
 E = Time spent auto-exploring this place.
 F = Levels seen in this place.
 G = Mean time per level.
                   A        B        C        D        E       F      G
               +--------+--------+--------+--------+--------+-----+--------+
         Total |  13091 |  12435 |    656 |    152 |  10594 |  12 | 1090.9 |
       Dungeon |  11770 |  11115 |    655 |    152 |   9497 |  10 | 1177.0 |
          Lair |    159 |    159 |      0 |      0 |    113 |   1 |  159.0 |
         Sewer |   1162 |   1162 |      0 |      0 |    984 |   1 | 1162.0 |
               +--------+--------+--------+--------+--------+-----+--------+

Top non-repeatable levels by time:
     D:4: 1556 daAuts
     D:1: 1497 daAuts
     D:2: 1380 daAuts
     D:8: 1258 daAuts
     D:5: 1174 daAuts
   Sewer: 1162 daAuts
     D:7: 1104 daAuts
     D:9: 1080 daAuts
    D:10: 1073 daAuts
     D:6: 980 daAuts
     D:3: 663 daAuts
  Lair:1: 159 daAuts
